 Dungeon Crawl Stone Soup version 0.31-a0-236-g9a0961fb85 (webtiles) character file.

Game seed: 14341268268633011556

78 Cidec the Chopper (level 4, -1/33 HPs)
             Began as a Demonspawn Gladiator on July 10, 2023.
             Succumbed to a scorpion's poison
             ... on level 3 of the Dungeon.
             The game lasted 00:04:41 (1058 turns).

Cidec the Chopper (Demonspawn Gladiator)            Turns: 1058, Time: 00:04:42

Health: -1/33      AC:  9    Str: 17    XL:     4   Next: 15%
Magic:  4/4        EV:  8    Int:  9    God:
Gold:   122        SH:  0    Dex: 16    Spells: 3/3 levels left

rFire   . . .        a - +0 war axe
rCold   . . .        (no shield)
rNeg    . . .        q - +0 chain mail
rPois   .            c - +0 helmet
rElec   .            (no cloak)
rCorr   .            (no gloves)
SInv    .            (no boots)
Will    .....        (no amulet) Stlth
                     (no ring)
HPRegen 0.25/turn    (no ring)
MPRegen 0.09/turn

%: no passive effects
@: lethally poisoned (-1 -> -11)
A: thin skeletal structure 1, powered by death 1, weakness stinger 1
a: no special abilities


You were on level 3 of the Dungeon.
You visited 1 branch of the dungeon, and saw 4 of its levels.

You collected 122 gold pieces.

Inventory:

Hand Weapons
 a - a +0 war axe (weapon)
Missiles
 d - 3 throwing nets (quivered)
 e - a javelin
Armour
 b - a +0 leather armour
 c - a +0 helmet (worn)
 q - a +0 chain mail (worn)
Jewellery
 p - a ring of willpower
Scrolls
 f - a scroll of identify
 g - a scroll of fear {unknown}
 h - a scroll of enchant armour {unknown}
 j - a scroll of vulnerability {unknown}
 l - 2 scrolls of blinking {unknown}
 m - a scroll of brand weapon {unknown}
 n - a scroll of revelation {unknown}
 r - a scroll of amnesia {unknown}
 s - a scroll of acquirement {unknown}
Potions
 i - a potion of curing
 o - a potion of resistance {unknown}


   Skills:
 - Level 2.0 Fighting
 + Level 4.6 Axes
 - Level 1.7 Throwing
 - Level 2.6 Dodging


You had 3 spell levels left.
You didn't know any spells.
Your spell library contained the following spells:

 Spells                   Type           Power      Damage    Failure   Level
 Necrotise                Necr           0%         1d4       99%         1
 Vampiric Draining        Necr           0%         2d6       100%        3
 Agony                    Necr           0%         N/A       100%        5


Dungeon Overview and Level Annotations

Branches:
Dungeon (4/15)
 Temple: D:4-7

Altars:

Shops:
D:1 *


Innate Abilities, Weirdness & Mutations

You have a somewhat thin skeletal structure. (Dex +2, Stealth+)
You regenerate a little health from kills.
You have a small tail.


Message History

The scorpion stings you but does no damage.
You hear an angry hiss.
You hear a shout!
The scorpion attacks as you move away!
The scorpion stings you but does no damage.
The hound bites you but does no damage.
The howler monkey hoots and howls with incredible vigour!
You hear an angry hiss.
You hear a shout!
You hear an angry hiss.
You hear a shout!
The hound bites you.
There is a stone staircase leading up here.
The hound bites you but does no damage.
The scorpion stings you but does no damage.
The hound bites you but does no damage.
You climb upwards.
There is a stone staircase leading down here.
You barely miss the scorpion.
The scorpion is lightly wounded.
You hit the hound. The hound bites you.
The scorpion stings you but does no damage.
The hound bites you but does no damage.
You hit the scorpion.
The scorpion is moderately wounded.
You hit the hound but do no damage.
The scorpion stings you but does no damage.
The hound stops to sniff the ground.
The hound bites you.
* * * LOW HITPOINT WARNING * * *
The scorpion stings you.
* * * LOW HITPOINT WARNING * * *
You closely miss the scorpion.
The scorpion is moderately wounded.
You closely miss the hound. The hound barely misses you.
The scorpion stings you.
* * * LOW HITPOINT WARNING * * *
You are lethally poisoned!
The scorpion poisons you! The hound barely misses you.
You barely miss the scorpion.
The scorpion is moderately wounded.
You hit the hound but do no damage.
You die...

.. .# #.#
..# ..
##.#
#.s######
#@.......
#h#######
#.# #.#
#.# #.#
#.# #..


You could see a scorpion and a hound.

Vanquished Creatures
  4 adders
  3 dart slugs (D:2)
  3 endoplasms
  2 giant cockroaches
  5 goblins
  6 hobgoblins
  2 quokkas
  3 bats (D:1)
  3 frilled lizards (D:1)
  4 rats (D:1)
35 creatures vanquished.

Notes
Turn   | Place    | Note
-------+----------+-------------------------------------------
     0 | D:1      | Cidec the Demonspawn Gladiator began the quest for the Orb.
     0 | D:1      | Reached XP level 1. HP: 16/16 MP: 1/1
   117 | D:1      | Reached skill level 3 in Axes
   183 | D:1      | Gained mutation: You have a small tail. [demonic ancestry]
   183 | D:1      | Reached XP level 2. HP: 21/22 MP: 2/2
   466 | D:1      | Found Buosk's Assorted Antiques.
   643 | D:2      | Gained mutation: You regenerate a little health from kills.
                  | [demonic ancestry]
   643 | D:2      | Reached XP level 3. HP: 27/27 MP: 3/3
   664 | D:2      | Reached skill level 4 in Axes
   705 | D:2      | You fall into a shaft and drop 2 floors!
   943 | D:4      | Gained mutation: You have a somewhat thin skeletal
                  | structure. (Dex +2, Stealth+) [demonic ancestry]
   943 | D:4      | Reached XP level 4. HP: 30/33 MP: 4/4
   961 | D:4      | Noticed an ogre
  1021 | D:4      | Noticed a scorpion
  1058 | D:3      | Succumbed to a scorpion's poison

Illustrated notes

Levels and vault maps discovered:
D:1:      psy_arrival_fountain, layout_basic, serial_shops, shop,
          chequers_serial_rivers_micro_d
D:2:      layout_rooms, serial_shops, nicolae_shop_rolling_square, uniq_terence
D:3:      layout_basic, ebering_ghost_reflecting_pool
D:4:      layout_gridville

Skill      XL: |  1  2  3 |
---------------+----------+-----
Axes           | 3 4 |  4.6
Fighting       | |  2.0
Throwing       | |  1.7
Dodging        | |  2.6

Action                     |  1- 3 |  4- 6 || total
---------------------------+-------+-------++-------
  Melee: War axe           |    93 |     6 ||    99
         Tailslap          |    11 |       ||    11
    Use: Potion            |       |     2 ||     2
         Scroll            |       |     1 ||     1
   Stab: Sleeping          |     1 |       ||     1
 Armour: Leather armour    |    14 |       ||    14
         Chain mail        |    39 |    12 ||    51
  Dodge: Dodged            |    51 |     8 ||    59

Table legend: (Time is in decaauts)
 A = Elapsed time spent in this place.
 B = Non-inter-level travel time spent in this place.
 C = Inter-level travel time spent in this place.
 D = Time resting spent in this place.
 E = Time spent auto-exploring this place.
 F = Levels seen in this place.
 G = Mean time per level.
                   A        B        C        D        E       F      G
               +--------+--------+--------+--------+--------+-----+--------+
         Total |   1068 |   1048 |     20 |    147 |    532 |   4 |  267.0 |
       Dungeon |   1068 |   1048 |     20 |    147 |    532 |   4 |  267.0 |
               +--------+--------+--------+--------+--------+-----+--------+

Top non-repeatable levels by time:
     D:1: 617 daAuts
     D:4: 336 daAuts
     D:2: 110 daAuts
     D:3: 4 daAuts
